 Dungeon Crawl Stone Soup version 0.20-a0-947-g2784f4f (webtiles) character file.

101574 Firebatgyro the Warrior (level 15, -10/118 HPs)
             Began as a Demonspawn Artificer on Apr 2, 2017.
             Was the Champion of Ru.
             Blown up by an orb spider (43 damage)
             ... with an orb of destruction
             ... on level 1 of the Spider Nest.
             The game lasted 01:03:02 (34237 turns).

Firebatgyro the Warrior (Demonspawn Artificer)     Turns: 34237, Time: 01:03:03

Health: -10/118    AC: 21    Str: 24 (25) XL:     15   Next: 83%
Magic:  15/15      EV: 18    Int: 11 (13) God:    Ru [******]
Gold:   2208       SH:  3    Dex: 18      Spells: 14/14 levels left

rFire    . . .     SeeInvis +   L - +4 battleaxe (freeze)
rCold    . . .     Gourm    .   (shield currently unavailable)
rNeg     + . .     Faith    .   g - +3 pearl dragon scales
rPois    +         Spirit   .   (helmet restricted)
rElec    .         Reflect  +   (no cloak)
rCorr    .         Harm     .   c - +1 pair of gloves
MR       ++...                  (no boots)
Stlth    ..........             A - +3 amulet of reflection
Regen    0.3/turn               B - ring of the Mage {Wiz MR++ Int+3}
MPRegen  0.2/turn               k - ring of see invisible

@: mighty, agile, no potions, starving, drained
A: antennae 1, repulsion field 1, dopey 1, frail 1, foul stench 1, low mp 2,
sense surroundings 1, poison resistance, powered by pain 3, rot immunity,
inability to drink while threatened, no stealth, hated by all, no ice magic, no
summoning magic, no transmutations magic, magic vulnerability 1
a: Draw Out Power, Power Leap, Apocalypse, Renounce Religion


You were on level 1 of the Spider Nest.
You worshipped Ru.
Ru was exalted by your worship.
You were starving.

You visited 4 branches of the dungeon, and saw 24 of its levels.
You also visited: Ice Cave.

You collected 3010 gold pieces.
You spent 802 gold pieces at shops.

Inventory:

Hand Weapons
 J - a +0 scimitar of flaming
 L - a +4 battleaxe of freezing (weapon)
Missiles
 t - 14 javelins (quivered)
Armour
 c - a +1 pair of gloves (worn)
 g - +3 pearl dragon scales (worn)
Jewellery
 k - a ring of see invisible (right hand)
 A - a +3 amulet of reflection (around neck)
 B - the ring of the Mage (left hand) {Wiz MR++ Int+3}
   (You found it on level 4 of the Dungeon)

   [ring of wizardry]

   It improves your spell success rate.
   It affects your intelligence (+3).
   It affects your resistance to hostile enchantments.
 C - an uncursed ring of teleportation
 E - an uncursed ring of ice
 U - an uncursed ring of protection from fire
 V - an uncursed ring of protection from fire
 W - an uncursed ring of resist corrosion
Wands
 e - a wand of digging (12/24)
 q - a wand of iceblast (3/15)
 N - a wand of disintegration (11/24)
 R - a wand of acid (6/15)
 Z - a wand of disintegration (8/24)
Scrolls
 a - 7 scrolls of remove curse
 b - a scroll of fog
 h - a scroll of amnesia
 i - a scroll of noise
 l - 6 scrolls of teleportation
 n - 11 scrolls of identify
 s - a scroll of blinking
 u - 4 scrolls of magic mapping
 X - 5 scrolls of recharging
 Y - a scroll of enchant weapon
Potions
 d - a potion of might
 f - a potion of berserk rage
 m - 3 potions of agility
 o - 6 potions of lignification
 w - 2 potions of cancellation
 x - 2 potions of magic
 z - 4 potions of invisibility {unknown}
 F - 3 potions of curing
 G - 4 potions of heal wounds
 H - a potion of flight
 O - 3 potions of mutation
 P - 2 potions of resistance {unknown}
 Q - 6 potions of haste
Miscellaneous
 v - a lightning rod (4/4)
Comestibles
 j - 19 royal jellies
 p - 11 bread rations
 r - 5 meat rations
 T - 6 fruits


   Skills:
 + Level 16.3(16.0) Fighting
   Level 0.8(0.6) Short Blades
 + Level 14.6(14.5) Axes
   Level 3.3(10.1) Maces & Flails
 - Level 2.0(1.8) Throwing
 + Level 13.5(13.2) Armour
 - Level 1.7(1.6) Dodging
 - Level 6.4(6.2) Evocations


You had 14 spell levels left.
You didn't know any spells.

Dungeon Overview and Level Annotations

Branches:
Dungeon (15/15)              Lair (6/6) D:10         Shoals (0/4) Lair:4
 Spider (1/4) Lair:4        Slime (0/5) Lair:6          Orc (2/2) D:12
    Elf (0/3) Orc:2        Vaults (0/5) D:13         Depths (0/5) D:15
 Temple: D:4-7

Altars:
Cheibriados
Elyvilon
Fedhas
Kikubaaqudgha
Okawaru
Ru
Sif Muna
Trog
Vehumet
Xom
Zin
The Shining One
Beogh

Shops:
D:5 (   D:7 }   D:15 *   Orc:2 !:(*

Annotations:
Lair:5 exclusion: oklob plant


Innate Abilities, Weirdness & Mutations

You are surrounded by a mild repulsion field. (EV +2)
You are dopey. (Int -2)
You may emit foul miasma when damaged in melee.
Your magical capacity is very low. (-20% MP)
You are powered by pain.
You are immune to rotting.
You cannot drink potions while threatened.
You cannot be stealthy.
You are hated by all.
You cannot study or cast Ice magic.
You cannot study or cast Summoning magic.
You cannot study or cast Transmutations magic.
You are slightly vulnerable to magic. (MR-)
You have a pair of small antennae on your head.
You are frail. (-10% HP)
You passively map a small area around you.
Your system is resistant to poisons. (rPois)


Message History

The jumping spider is stunned by your will and fails to attack.
An orb of destruction comes into view.
You slice the jumping spider!! You freeze the jumping spider.
You kill the jumping spider!
The orb spider weaves a glowing orb of energy.
An orb of destruction comes into view.
Unknown command.
You slice the orb spider!! You freeze the orb spider!
The orb spider is severely wounded.
The orb of destruction hits you!
* * * LOW HITPOINT WARNING * * *
You focus on the pain.
You feel very mighty all of a sudden.
You redirect the orb spider's attack!
The orb spider pulsates with a strange energy.
You strike the helpless orb spider from behind!
You slash the orb spider! You freeze the orb spider.
The orb spider is almost dead.
The orb of destruction hits you!
You die...

...#...# *#..#..#
,, , *,..#^.## #
# *...... .#., *
##. ##..####... *
##... #s.##......
,
#.....#..........
, #.s.§.s...... ,
* #..§§@†##... *
* .......#...#
.#** ,,
#......#...# * ,
, ####..##...# *
, *....#...## *
##.#.#..##
#####..# #....##
#####...#


You could see 3 orb spiders.

Vanquished Creatures
  A ghost moth (Spider:1)
  An orc warlord (Orc:2)
  A caustic shrike skeleton (D:15)
  A stone giant (Orc:1)
  Azrael (D:13)
  A fire dragon (Lair:6)
  The ghost of HeyBub the Grappler, a journeyman TrMo of Ru (Orc:2)
  Harold (Lair:2)
  11 hydras
  Erolcha (Orc:2)
  A vault guard (D:13)
  2 ice dragons (IceCv)
  The ghost of tony the Bewitcher, a journeyman SpEn of Ashenzari (Lair:6)
  Erica (Lair:1)
  2 centaur warriors
  2 catoblepae (D:14)
  3 two-headed ogres
  A vampire mage (D:15)
  A tengu warrior (D:12)
  4 orc high priests (Orc:2)
  Nergalle (Lair:1)
  5 skeletal warriors
  A necromancer (D:15)
  A lindwurm (Lair:6)
  10 ugly things
  A stone giant zombie (D:15)
  5 orc knights (Orc:2)
  A fire giant zombie (D:15)
  4 manticores
  A deep elf mage (D:12)
  4 orc sorcerers
  An oklob plant (Lair:6)
  A shining eye (shapeshifter) (D:15)
  A wolf spider (Spider:1)
  2 cyclopes (D:13)
  4 elephants (Lair:6)
  5 molten gargoyles
  Joseph (D:9)
  3 black mambas
  2 ice statues (IceCv)
  3 gargoyles
  A centaur skeleton (D:14)
  12 spiny frogs
  5 rime drakes
  9 komodo dragons
  A demonic crawler (Spider:1)
  A tengu conjurer (D:12)
  7 trolls
  6 jumping spiders
  4 polar bears (D:11)
  2 meliai (D:15)
  2 hornets (D:14)
  22 blink frogs
  2 slime creatures
  6 dream sheep (Lair:5)
  A snapping turtle (Lair:4)
  7 hippogriffs
  An ice dragon zombie (D:15)
  A shadow (D:13)
  14 redbacks
  24 yaks
  5 wyverns
  3 fire elementals (D:13)
  A tarantella (Spider:1)
  7 basilisks
  5 hungry ghosts
  4 vampire mosquitoes (D:15)
  3 steam dragons
  2 acid dragons (D:13)
  7 wargs
  8 swamp worms (Lair:6)
  11 water moccasins
  8 hell hounds
  7 porcupines
  45 orc warriors
  An eye of draining (D:10)
  4 sky beasts
  2 black bears
  4 boggarts (D:15)
  14 wolves
  17 ogres
  23 ice beasts
  22 centaurs
  A hornet zombie (D:10)
  14 crocodiles
  2 big kobolds (D:13)
  18 bullfrogs
  7 scorpions
  A water moccasin skeleton (D:7)
  13 killer bees
  19 wights
  5 electric eels
  9 howler monkeys
  10 lava snakes
  6 crimson imps
  2 centaur zombies
  A quasit (D:9)
  3 bullfrog zombies
  8 hounds
  3 bullfrog skeletons
  32 orc priests
  2 iguanas (D:8)
  12 jellies
  19 orc wizards
  10 worker ants
  A killer bee zombie (D:10)
  A centaur simulacrum (D:11)
  2 hound zombies
  A hound skeleton (D:6)
  2 worker ant zombies
  11 gnolls
  13 adders
  A hound simulacrum (D:11)
  4 shadow imps
  6 white imps
  An ufetubus (D:11)
  6 oozes
  11 worms
  3 dart slugs
  5 leopard geckos
  101 orcs
  6 giant cockroaches
  9 goblins
  7 hobgoblins
  12 jackals
  4 quokkas
  A ball python (D:2)
  6 bats
  6 frilled lizards
  A jackal skeleton (D:7)
  25 kobolds
  A leopard gecko skeleton (D:4)
  A leopard gecko zombie (D:8)
  2 rats (D:2)
  7 fungi
  7 plants
887 creatures vanquished.

Vanquished Creatures (collateral kills)
  A killer bee (D:8)
  A bullfrog zombie (D:6)
2 creatures vanquished.

Vanquished Creatures (others)
  A hydra (Lair:4)
  A two-headed ogre (D:8)
  An unseen horror (D:13)
  A wolf spider (Spider:1)
  A manticore (D:13)
  A spiny frog (Lair:4)
  A komodo dragon (Lair:5)
  A meliai (D:15)
  A troll (D:8)
  A hippogriff (Lair:2)
  A tarantella (Spider:1)
  A swamp worm (Lair:6)
  2 orc warriors
  3 centaurs (D:11)
  A howler monkey (D:10)
  An orc priest (Orc:2)
  An orc wizard (Orc:2)
  A worker ant (D:8)
  An orc (Orc:2)
  A jackal (D:8)
  A quokka (D:7)
  A rat (D:1)
  15 fungi
  23 plants
  2 withered plants (D:15)
65 creatures vanquished.

Grand Total: 954 creatures vanquished

Notes
Turn   | Place    | Note
-------+----------+-------------------------------------------
     0 | D:1      | Firebatgyro the Demonspawn Artificer began the quest for the Orb.
     0 | D:1      | Reached XP level 1. HP: 15/15 MP: 3/3
   395 | D:1      | Reached skill level 2 in Fighting
   465 | D:1      | Gained mutation: You are immune to rotting. [demonic ancestry]
   465 | D:1      | Reached XP level 2. HP: 11/22 MP: 4/4
  1710 | D:2      | Reached skill level 3 in Fighting
  1710 | D:2      | Reached XP level 3. HP: 28/29 MP: 5/5
  2427 | D:1      | Reached XP level 4. HP: 28/37 MP: 6/6
  2506 | D:2      | Reached skill level 4 in Fighting
  2798 | D:2      | Found a snail-covered altar of Cheibriados.
  2943 | D:2      | Found a blossoming altar of Fedhas.
  3113 | D:3      | Reached skill level 1 in Maces & Flails
  3237 | D:3      | Gained mutation: You may emit foul miasma when damaged in melee. [demonic ancestry]
  3237 | D:3      | Reached XP level 5. HP: 38/43 MP: 7/7
  3768 | D:4      | Reached skill level 5 in Fighting
  3768 | D:4      | Reached skill level 1 in Throwing
  4013 | D:4      | Gained mutation: You are surrounded by a mild repulsion field. (EV +2) [demonic ancestry]
  4013 | D:4      | Reached XP level 6. HP: 46/51 MP: 8/8
  4164 | D:5      | Entered Level 5 of the Dungeon
  4561 | D:5      | Gained mutation: You sometimes gain a little power by taking damage. [demonic ancestry]
  4561 | D:5      | Reached XP level 7. HP: 40/57 MP: 9/9
  4648 | D:5      | Found a deep blue altar of Sif Muna.
  4698 | D:5      | Reached skill level 6 in Fighting
  4718 | D:5      | Found Yxzadd's Antique Weapon Boutique.
  5006 | D:5      | Found a sacrificial altar of Ru.
  5161 | D:5      | Became a worshipper of Ru the Awakened
  5350 | D:5      | Bought a runed war axe for 130 gold pieces
  5537 | D:5      | Bought a fine mace for 160 gold pieces
  5537 | D:5      | Identified the cursed +0 mace of Hinee {vamp, rPois MP-9 Str+8 Int-2} (You bought it in a shop on level 5 of the Dungeon)
  5842 | D:7      | Reached skill level 1 in Axes
  6019 | D:7      | Reached skill level 7 in Fighting
  6038 | D:7      | Gained mutation: You sometimes gain power by taking damage. [demonic ancestry]
  6038 | D:7      | Reached XP level 8. HP: 38/67 MP: 10/10
  6273 | D:7      | Found Qoreeh's Gadget Shoppe.
  6324 | D:7      | Found a white marble altar of Elyvilon.
  6343 | D:7      | Found a radiant altar of Vehumet.
  6620 | D:8      | Noticed a slime creature
  6785 | D:8      | Reached skill level 8 in Fighting
  7103 | D:7      | Gained mutation: You cannot study or cast Ice magic. [Ru sacrifice]
  7103 | D:7      | Gained mutation: You cannot study or cast Transmutations magic. [Ru sacrifice]
  7103 | D:7      | Gained mutation: You cannot study or cast Summoning magic. [Ru sacrifice]
  7103 | D:7      | Reached * piety under Ru
  7219 | D:8      | Reached skill level 5 in Axes
  7419 | D:8      | Reached XP level 9. HP: 74/75 MP: 11/11
  7452 | D:8      | Found a glowing silver altar of Zin.
  7483 | D:8      | Reached skill level 9 in Fighting
  7483 | D:8      | Reached skill level 1 in Armour
  7669 | D:8      | Found a shimmering altar of Xom.
  7673 | D:8      | Noticed a troll
  7967 | D:8      | Killed a troll
  8056 | D:7      | HP: 3/76 [hungry ghost (4)]
  9009 | D:8      | Killed a two-headed ogre
  9780 | D:9      | Reached skill level 10 in Fighting
  9797 | D:9      | Gained mutation: You are hated by all. [Ru sacrifice]
  9797 | D:9      | Reached ** piety under Ru
  9902 | D:9      | Found an ancient bone altar of Kikubaaqudgha.
  9931 | D:9      | Found a bloodstained altar of Trog.
  9975 | D:9      | Noticed Joseph
  9988 | D:9      | Killed Joseph
  9988 | D:9      | Reached XP level 10. HP: 79/85 MP: 12/12
 10219 | D:10     | Entered Level 10 of the Dungeon
 10724 | D:10     | Reached skill level 5 in Armour
 10730 | D:10     | Found a staircase to the Lair.
 11260 | D:11     | Noticed a white ugly thing
 11281 | Lair:1   | Entered Level 1 of the Lair of Beasts
 11370 | Lair:1   | Noticed Erica
 11391 | Lair:1   | Killed Erica
 11492 | Lair:1   | Reached skill level 11 in Fighting
 11566 | Lair:1   | Gained mutation: You cannot drink potions while threatened. [Ru sacrifice]
 11566 | Lair:1   | Reached *** piety under Ru
 11781 | Lair:1   | Reached XP level 11. HP: 54/93 MP: 13/13
 12025 | Lair:1   | Noticed Nergalle
 12048 | Lair:1   | Killed Nergalle
 12339 | Lair:1   | You fall through a shaft!
 12794 | Lair:2   | Noticed Harold
 13074 | Lair:2   | Killed Harold
 14038 | Lair:3   | Reached skill level 12 in Fighting
 14203 | Lair:3   | Noticed an eight-headed hydra
 14208 | Lair:3   | Killed a five-headed hydra
 14532 | Lair:3   | Gained mutation: Your magical capacity is low. (-10% MP) [Ru sacrifice]
 14544 | Lair:3   | Reached skill level 10 in Axes
 15568 | Lair:4   | Noticed a seven-headed hydra
 15893 | Lair:4   | Gained mutation: You are powered by pain. [demonic ancestry]
 15893 | Lair:4   | Reached XP level 12. HP: 86/103 MP: 12/12
 16120 | Lair:4   | Found a hole to the Spider Nest.
 16530 | Lair:4   | Killed a seven-headed hydra
 16652 | Lair:4   | Found a staircase to the Shoals.
 17137 | Lair:5   | Gained mutation: You are slightly vulnerable to magic. (MR-) [Ru sacrifice]
 17137 | Lair:5   | Reached **** piety under Ru
 17137 | Lair:5   | Reached ***** piety under Ru
 17193 | Lair:5   | Noticed an ice dragon
 18096 | Lair:5   | Noticed an eight-headed hydra
 18372 | Lair:5   | Reached skill level 13 in Fighting
 18508 | Lair:6   | Entered Level 6 of the Lair of Beasts
 18604 | Lair:6   | Found a frozen archway.
 18619 | IceCv    | Entered an ice cave
 18759 | IceCv    | Reached skill level 10 in Armour
 19004 | IceCv    | Noticed an ice dragon
 19005 | IceCv    | Noticed an ice dragon
 19020 | IceCv    | Killed an ice dragon
 19023 | IceCv    | Killed an ice dragon
 19023 | IceCv    | Reached XP level 13. HP: 89/111 MP: 13/13
 19074 | IceCv    | Got a slimy amethyst amulet
 19088 | IceCv    | Identified the amulet "Bagon" {Harm *Drain MR+} (You found it in an ice cave)
 19434 | Lair:6   | Gained mutation: Your magical capacity is very low. (-20% MP) [Ru sacrifice]
 19443 | Lair:6   | Noticed tony's ghost (journeyman SpEn)
 19459 | Lair:6   | Killed tony's ghost
 19826 | Lair:6   | Found a staircase to the Slime Pits.
 19992 | Lair:6   | Reached skill level 14 in Fighting
 20796 | Lair:6   | Got a scorched morningstar
 20797 | Lair:6   | Identified the +9 morningstar of Woe {chaos, rPois} (You found it on level 6 of the Lair of Beasts)
 21826 | Lair:6   | Noticed a fire dragon
 22197 | Lair:6   | Found a large runed door.
 22222 | Lair:6   | Reached skill level 5 in Evocations
 22238 | Lair:6   | Found a large runed door.
 22299 | Lair:6   | Killed a fire dragon
 22299 | Lair:6   | Reached XP level 14. HP: 84/121 MP: 14/14
 22779 | D:11     | Gained mutation: You cannot be stealthy. [Ru sacrifice]
 23056 | D:11     | Found a glowing golden altar of the Shining One.
 24201 | D:12     | Found a staircase to the Orcish Mines.
 24901 | Orc:1    | Entered Level 1 of the Orcish Mines
 24942 | Orc:1    | Gained mutation: You are dopey. (Int -2) [Ru sacrifice]
 24942 | Orc:1    | Reached ****** piety under Ru
 25066 | Orc:1    | Noticed a stone giant
 25078 | Orc:1    | Killed a stone giant
 25392 | Orc:2    | Entered Level 2 of the Orcish Mines
 25432 | Orc:2    | Noticed HeyBub's ghost (journeyman TrMo)
 25448 | Orc:2    | Killed HeyBub's ghost
 25851 | Orc:2    | Found a roughly hewn altar of Beogh.
 25937 | Orc:2    | Found Atephaci's Book Emporium.
 26036 | Orc:2    | Found Ipnoneiph's Distillery.
 26054 | Orc:2    | Reached skill level 15 in Fighting
 26058 | Orc:2    | Bought a potion of lignification for 39 gold pieces
 26058 | Orc:2    | Bought a potion of haste for 130 gold pieces
 26058 | Orc:2    | Bought a potion of cancellation for 104 gold pieces
 26058 | Orc:2    | Bought a potion of mutation for 104 gold pieces
 26578 | Orc:2    | Found a staircase to the Elven Halls.
 26690 | Orc:2    | Noticed Erolcha
 26693 | Orc:2    | Killed Erolcha
 26717 | Orc:2    | Noticed an orc warlord
 27290 | Orc:2    | Killed an orc warlord
 27303 | Orc:2    | Found a roughly hewn altar of Beogh.
 27521 | Orc:2    | Found Ladial's Antique Weapon Boutique.
 27900 | Orc:2    | Found Kuntanagoh's General Store.
 28627 | D:13     | Reached XP level 15. HP: 78/129 MP: 15/15
 28929 | D:13     | Found a gate to the Vaults.
 29435 | D:13     | Noticed Azrael
 29443 | D:13     | Killed Azrael
 29512 | D:13     | Gained mutation: You have a pair of small antennae on your head. [mutagenic meat]
 29513 | D:13     | Gained mutation: You passively map a small area around you. [mutagenic meat]
 29514 | D:13     | Gained mutation: Your system is resistant to poisons. (rPois) [mutagenic meat]
 31091 | D:14     | Found an iron altar of Okawaru.
 31315 | D:15     | Entered Level 15 of the Dungeon
 31852 | D:15     | Gained mutation: You are frail. (-10% HP) [a shining eye]
 32351 | D:15     | Found a staircase to the Depths.
 32360 | D:15     | Reached skill level 16 in Fighting
 32550 | D:14     | Paralysed by fainting for 5 turns
 33004 | D:15     | Found Pump's General Store.
 33007 | D:15     | Bought a scroll of blinking for 135 gold pieces
 33712 | Spider:1 | Entered Level 1 of the Spider Nest
 33850 | Spider:1 | Noticed a ghost moth
 33862 | Spider:1 | Killed a ghost moth
 34237 | Spider:1 | Blown up by an orb spider

Vault maps used:
D:1:      minmay_arrival_doors, hex_tiny, kennysheep_small_spiral,
          chequers_big_river, lemuel_another_geyser
D:2:      cheibriados_altar_1, fedhas_altar_4
D:5:      marbit_many_paths, nicolae_ru_awakened_eye, serial_shops,
          nicolae_shop_stone, first_bread
D:6:      temple_hall, serial_bayou_lagoon_a
D:7:      elyvilon_altar_4, basic_altar, serial_glass, glass_columns_a,
          glass_columns_a, glass_columns_b, glass_columns_c, serial_shops, shop
D:8:      hangedman_cross_stitches, xom_confusion_cloud, kennysheep_mini
D:9:      kiku_gazebo_pond_becter, old_standard_altar,
          hangedman_little_slice_of_home, uniq_joseph
D:10:     minmay_lair_entry_lava
D:11:     serial_ice, serial_ice_h, serial_ice_m, serial_ice_d, serial_ice_c,
          serial_ice_g, serial_ice_i, lemuel_centaur_altar
D:12:     orc_0_dummy
D:13:     david_vaults_5, uniq_azrael
D:14:     basic_altar
D:15:     gammafunk_depths_entry_grave, serial_bayou_pond_c, serial_shops,
          nicolae_shop_behind_doors, minmay_orc_keep
Lair:1:   serial_bayou_shore_b, infiniplex_staircase_pool_2, uniq_erica,
          uniq_nergalle
Lair:2:   uniq_harold
Lair:3:   infiniplex_staircase_pool
Lair:4:   cheibrodos_magma_flow, minmay_shoals_entry_hut,
          nicolae_spider_entry_tight_spaces
Lair:5:   nicolae_quartered_pool_super, bobbens_ice_dragon_lair,
          serial_bayou_shore_a
Lair:6:   cheibrodos_lair_end_hotspot, minmay_slime_entry_pillars,
          portal_ice_cave_entry_pillars_1, worms_lemuel
Orc:2:    pubby_orc_utopia, serial_shops, uniq_erolcha
IceCv:    ice_cave_small_dragons

Skill      XL: |  1  2  3  4  5  6  7  8  9 10 11 12 13 14 15 |
---------------+----------------------------------------------+-----
Fighting       | 2 3 4 5 7 8 10 11 12 13 14 15 16 | 16.3
Maces & Flails | 1 2 3 |  3.3
Throwing       | 1 2 |  2.0
Axes           | 3 5 7 8 10 11 12 13 14 | 14.6
Armour         | 4 6 8 10 11 12 13 | 13.5
Evocations     | 5 6 |  6.4
Short Blades   | |  0.8
Dodging        | |  1.7

Action                   |  1- 3 |  4- 6 |  7- 9 | 10-12 | 13-15 || total
-------------------------+-------+-------+-------+-------+-------++-------
Melee: Short sword       |   253 |    16 |       |       |       ||   269
       Whip              |       |   287 |    41 |       |       ||   328
       Dagger            |       |    14 |       |       |       ||    14
       War axe           |       |       |   325 |   272 |       ||   597
       Battleaxe         |       |       |       |   348 |  1463 ||  1811
       Scimitar          |       |       |       |     6 |    41 ||    47
Throw: Javelin           |       |       |     2 |     1 |    10 ||    13
Invok: Sacrifice Arcana  |       |       |     1 |       |       ||     1
       Sacrifice Love    |       |       |     1 |       |       ||     1
       Sacrifice Drink   |       |       |       |     1 |       ||     1
       Sacrifice Essence |       |       |       |     2 |     1 ||     3
       Sacrifice Purity  |       |       |       |       |     1 ||     1
       Sacrifice Stealth |       |       |       |       |     1 ||     1
       Draw Out Power    |       |       |       |       |     2 ||     2
Evoke: Wand              |       |       |     1 |     7 |     5 ||    13
       Lightning rod     |       |       |       |       |     8 ||     8
  Use: Potion            |     4 |       |     5 |     2 |     5 ||    16
       Scroll            |       |     4 |    12 |    12 |    10 ||    38
 Stab: Invisible         |       |       |       |     4 |    14 ||    18
       Distracted        |       |       |       |     1 |     9 ||    10
       Paralysed         |       |       |       |       |    10 ||    10
       Petrified         |       |       |       |       |     2 ||     2
       Petrifying        |       |       |       |       |     1 ||     1
       Confused          |       |       |       |       |     1 ||     1
  Eat: Chunk             |     5 |     3 |    12 |    21 |    52 ||    93
       Bread ration      |       |     2 |     1 |       |       ||     3
       Meat ration       |       |       |     1 |     3 |       ||     4
       Fruit             |       |       |       |       |     1 ||     1
Armor: Leather armour    |    10 |       |       |       |       ||    10
       Chain mail        |   161 |   194 |   145 |       |       ||   500
       Steam dragon scal |       |       |    41 |       |       ||    41
       Pearl dragon scal |       |       |    15 |   363 |   785 ||  1163
Dodge: Dodged            |   145 |   115 |   218 |   420 |   800 ||  1698
Block: Other             |       |    14 |    48 |    77 |   148 ||   287
       Reflection        |       |       |     2 |     1 |    11 ||    14
       Rpst.: Scimitar   |       |       |       |       |     7 ||     7
